cohdb
Replays
Latest Replays
All Replays
Popular Replays
Top Player Replays
Match Explorer
How It Works
Community
CoH3 Stats
Reddit
Sign in to upload your games and track your stats! →
Sign in with Steam
WilllTHENOOBz Team vs Zbirga Team
Match 15559526
Overview
Messages
Build Orders
End
Construct Infanterie Kompanie
Selects Breakthrough Battlegroup
Selects Assault Grenadiers
Grenadier Squad
MG 42 Machine Gun Team
Grenadier Squad
Construct Panzergrenadier Kompanie
Panzergrenadier Squad
Selects Rapid Production
Panzergrenadier Squad
251 Medium Carrier
Panzergrenadier Squad
Pak 40 Anti-tank Gun Team
Construct Panzer Kompanie
Selects Blitzkrieg
Panzer IV Medium Tank
Stoßtruppen Squad
Stoßtruppen Squad
Pioneer Squad
Stoßtruppen Squad
Selects Tiger Heavy Tank
Tiger Heavy Tank
Selects Smoke Bombing Run
Pioneer Squad
Selects Incendiary Bombing Run
Pak 40 Anti-tank Gun Team
Smoke Bombing Run
Incendiary Bombing Run
Pak 40 Anti-tank Gun Team
DON DOMINO
WilllTHENOOBz
Shinano
MatioS
Zbirga
Chadusa
0
0
Comments
sign in to comment!
No comments posted yet!